 Dungeon Crawl Stone Soup version 0.30-a0-241-g1121274140 (webtiles) character file.

Game seed: 7735261019783262464

4286 KennySheep the Changer (level 9, -20/74 HPs)
             Began as a Demigod Transmuter on Oct 10, 2022.
             Shot with an arrow by a centaur warrior (24 damage)
             ... on level 8 of the Dungeon.
             The game lasted 00:28:06 (8888 turns).

KennySheep the Changer (Demigod Transmuter)         Turns: 8888, Time: 00:28:06

Health: -20/74     AC:  2    Str: 23    XL:     9   Next: 86%
Magic:  18/18      EV: 22    Int: 15    God:
Gold:   189        SH:  0    Dex: 19    Spells: 6/16 levels left

rFire   . . .      SeeInvis .      - Unarmed
rCold   . . .      Faith    .    (shield currently unavailable)
rNeg    . . .      Spirit   .    (body armour currently unavailable)
rPois   x          Reflect  .    (helmet currently unavailable)
rElec   .          Harm     .    (cloak currently unavailable)
rCorr   +          Rampage  .    (gloves currently unavailable)
Will    .....                    (boots currently unavailable)
Stlth   +.........               l - amulet of magic regeneration
HPRegen 0.32/turn                i - ring of resist corrosion
MPRegen 0.56/turn                (no ring)

@: confused, spider-form, ambrosia-drunk
A: venomous fangs, tiny, high MP 1, forlorn, divine attributes
a: End Transformation


You were on level 8 of the Dungeon.
You were a venomous arachnid creature.
You visited 1 branch of the dungeon, and saw 8 of its levels.

You collected 523 gold pieces.
You spent 334 gold pieces at shops.

Inventory:

Hand Weapons
 e - a +0 dagger of venom
Armour
 a - a +0 robe (melded)
 m - a scarf of repulsion (melded)
 v - a +0 helmet (melded)
Jewellery
 i - a ring of resist corrosion (left front leg)
 l - an amulet of magic regeneration (around neck)
 r - a ring of protection from cold
Wands
 D - a wand of iceblast (6)
Scrolls
 j - 2 scrolls of amnesia
 o - a scroll of poison {unknown}
 p - a scroll of summoning
 s - 2 scrolls of teleportation
 t - 6 scrolls of identify
 u - a scroll of torment {unknown}
 w - 2 scrolls of blinking {unknown}
 x - a scroll of butterflies {unknown}
 y - 2 scrolls of enchant armour
 A - a scroll of vulnerability {unknown}
 B - 2 scrolls of fear
 C - a scroll of enchant weapon
Potions
 b - 2 potions of magic {unknown}
 c - a potion of cancellation {unknown}
 d - 4 potions of curing {unknown}
 f - 2 potions of attraction {unknown}
 k - 2 potions of mutation {unknown}
 n - 3 potions of degeneration {unknown}
 q - 3 potions of flight {unknown}
 z - a potion of might {unknown}
 E - a potion of resistance


   Skills:
 + Level 5.5 Fighting
 + Level 4.7 Dodging
 + Level 6.1 Unarmed Combat
 + Level 4.0 Spellcasting
 * Level 7.3 Transmutations
 - Level 2.3 Ice Magic
 + Level 4.8 Poison Magic


You had 6 spell levels left.
You knew the following spells:

 Your Spells              Type           Power      Damage    Failure   Level
a - Beastly Appendage     Tmut           50%        N/A       4%          1
b - Wereblood             Tmut           25%        N/A       6%          2
c - Ice Form              Ice/Tmut       17%        N/A       45%         4
z - Spider Form           Tmut/Pois      21%        N/A       13%         3

Your spell library contained the following spells:

 Spells                   Type           Power      Damage    Failure   Level
 Static Discharge         Conj/Air       6%         2-3/arc   47%         2
 Sublimation of Blood     Necr           3%         N/A       47%         2
 Petrify                  Tmut/Erth      14%        N/A       58%         4
 Gell's Gravitas          Tloc           3%         N/A       69%         3
 Lesser Beckoning         Tloc           6%         N/A       69%         3
 Teleport Other           Tloc           3%         N/A       69%         3
 Vhi's Electric Charge    Tloc/Air       6%         N/A       69%         3
 Irradiate                Conj/Tmut      7%         3d14      88%         5
 Animate Dead             Necr           3%         N/A       96%         4
 Eringya's Noxious Bog    Tmut/Pois      10%        N/A       98%         6
 Arcjolt                  Conj/Air       1%         1d11      100%        5
 Borgnjor's Vile Clutch   Necr/Erth      1%         N/A       100%        5
 Lightning Bolt           Conj/Air       1%         1d12      100%        5
 Summon Forest            Summ/Tloc      1%         N/A       100%        5
 Death Channel            Necr           1%         N/A       100%        6
 Summon Hydra             Summ           1%         N/A       100%        7


Dungeon Overview and Level Annotations

Branches:
Dungeon (8/15)             Temple (0/1) D:5            Lair (0/5) D:8

Shops:
D:2 ?


Innate Abilities, Weirdness & Mutations

You are a venomous arachnid creature.
You have poisonous fangs.
You are tiny and dextrous.
Your spellcasting is less reliable in this form.
Your armour is entirely melded.
You are incapable of wielding weapons or throwing items.
You have an increased reservoir of magic. (+10% MP)
You shall have no god before yourself.
Your divine heritage dramatically boosts your attributes as you level up.


Message History

The centaur warrior kicks you but does no damage.
You hit the centaur warrior.
The centaur warrior is poisoned.
The centaur warrior is lightly wounded.
The centaur warrior hits you. The centaur warrior kicks you.
You hit the centaur warrior but do no damage.
The centaur warrior looks as sick as possible!
The centaur warrior is lightly wounded.
The centaur warrior barely misses you.
The centaur warrior kicks you but does no damage.
The centaur warrior closely misses you. The centaur warrior kicks you.
You bite the centaur warrior!
The centaur warrior looks as sick as possible!
The centaur warrior is moderately wounded.
The centaur warrior hits you but does no damage.
The centaur warrior barely misses you.
You hit the centaur warrior but do no damage.
The centaur warrior looks as sick as possible!
The centaur warrior is moderately wounded.
The centaur warrior hits you! The centaur warrior kicks you.
You completely miss the centaur warrior.
The centaur warrior is moderately wounded.
The centaur warrior hits you. The centaur warrior kicks you.
The centaur warrior hits you!
* * * LOW HITPOINT WARNING * * *
The centaur warrior completely misses you.
You hit the centaur warrior.
The centaur warrior looks as sick as possible!
The centaur warrior is heavily wounded.
The centaur warrior hits you!
* * * LOW HITPOINT WARNING * * *
The centaur warrior kicks you.
* * * LOW HITPOINT WARNING * * *
You are confused.
You feel invigorated. The centaur warrior hits you!
* * * LOW HITPOINT WARNING * * *
The centaur warrior closely misses you.
The centaur warrior wields a +0 shortbow.
The centaur warrior shoots an arrow.
The arrow closely misses you.
The centaur warrior shoots an arrow.
The arrow hits you!!
You die...

#..# #.#### ##..
##.###)#### ##...
#.#.##....# ##....
##.###....####.....
#.#.##.......+.....
##..##....####.....
##.###....# ##....
#8.8###.### ##...
##.s.###.# ##..
#.._..##.# ##+
#.c...##.# #.
##...###.# #. #####
#.# #####. #.#
#..... #.# #.#...
#.# #.....
#.######.....


You could see a centaur warrior (extremely poisoned).

Vanquished Creatures
  A two-headed ogre (D:7)
  Grinder (D:4)
  Prince Ribbit (D:7)
  2 wyverns (D:8)
  A steam dragon (D:8)
  Grum (D:8)
  A water moccasin (D:7)
  2 ice beasts
  An orc warrior (D:8)
  3 black bears
  3 ogres
  3 wolves (D:8)
  A centaur (D:8)
  A lemure (D:6)
  3 kobold brigands (D:7)
  2 bullfrogs
  2 scorpions
  2 necrophages (D:5)
  A water moccasin zombie (D:5)
  A wight (D:5)
  A howler monkey (D:8)
  A bullfrog zombie (D:5)
  3 hounds
  A jelly (D:6)
  4 orc priests
  A human zombie (D:5)
  2 iguanas (D:4)
  Natasha (thrice) (D:2)
  Terence (D:2)
  A scorpion zombie (D:5)
  3 orc wizards
  A killer bee zombie (D:5)
  2 hound zombies (D:5)
  A howler monkey zombie (D:5)
  4 adders
  2 gnolls
  A white imp (D:5)
  An adder zombie (D:5)
  4 worms
  2 dart slugs
  21 orcs
  7 ball pythons
  12 endoplasms
  5 goblins
  3 hobgoblins
  5 jackals
  24 kobolds
  6 quokkas
  5 bats
  2 frilled lizards (D:1)
  11 rats
173 creatures vanquished.

Notes
Turn   | Place    | Note
-------+----------+-------------------------------------------
     0 | D:1      | KennySheep the Demigod Transmuter began the quest for the
                  | Orb.
     0 | D:1      | Reached XP level 1. HP: 15/15 MP: 5/5
    27 | D:1      | Reached skill level 1 in Fighting
   152 | D:1      | Reached skill level 2 in Transmutations
   185 | D:1      | Reached XP level 2. HP: 23/23 MP: 7/7
   449 | D:1      | Reached skill level 1 in Poison Magic
   749 | D:1      | Reached XP level 3. HP: 13/28 MP: 8/8
   753 | D:1      | Learned a level 3 spell: Spider Form
  1163 | D:2      | Noticed Terence
  1175 | D:2      | Killed Terence
  1176 | D:2      | Reached XP level 4. HP: 8/36 MP: 9/9
  1444 | D:2      | Noticed Natasha
  1450 | D:2      | Killed Natasha
  1516 | D:2      | Noticed Natasha
  1527 | D:2      | Killed Natasha
  1591 | D:2      | Found Qoem's Magic Scroll Emporium.
  1591 | D:2      | Noticed Natasha
  1601 | D:2      | Killed Natasha
  1697 | D:2      | Bought a scroll of summoning for 104 gold pieces
  1706 | D:2      | Reached XP level 5. HP: 42/42 MP: 10/10
  2035 | D:2      | Reached skill level 3 in Transmutations
  2038 | D:2      | Learned a level 2 spell: Wereblood
  2421 | D:3      | Identified the +2 sling of Zin's Approval {venom, rPois
                  | Dex-5 Stlth+}
  3138 | D:4      | Noticed Grinder
  3140 | D:4      | Paralysed by Grinder for 2 turns
  3152 | D:4      | Killed Grinder
  3153 | D:4      | Reached XP level 6. HP: 31/51 MP: 11/11
  3774 | D:5      | Entered Level 5 of the Dungeon
  3970 | D:5      | Reached skill level 4 in Transmutations
  3970 | D:5      | Reached XP level 7. HP: 49/57 MP: 12/12
  4055 | D:5      | Reached skill level 1 in Ice Magic
  4639 | D:5      | Found a staircase to the Ecumenical Temple.
  4889 | D:2      | Bought a scroll of fear for 44 gold pieces
  4889 | D:2      | Bought a scroll of identify for 22 gold pieces
  4889 | D:2      | Bought a scroll of enchant armour for 82 gold pieces
  4889 | D:2      | Bought a scroll of enchant weapon for 82 gold pieces
  5388 | D:5      | Learned a level 4 spell: Ice Form
  5578 | D:5      | Reached XP level 8. HP: 53/66 MP: 14/14
  5591 | D:5      | Reached skill level 5 in Transmutations
  6015 | D:6      | Reached skill level 5 in Unarmed Combat
  6407 | D:6      | You fall into a shaft and drop 2 floors!
  6471 | D:8      | Noticed Grum
  6490 | D:8      | Killed Grum
  6505 | D:8      | Reached skill level 6 in Transmutations
  6925 | D:7      | Noticed a two-headed ogre
  6938 | D:7      | Killed a two-headed ogre
  6939 | D:7      | Reached skill level 5 in Fighting
  6939 | D:7      | Reached XP level 9. HP: 51/74 MP: 15/17
  7085 | D:7      | Noticed Prince Ribbit
  7112 | D:7      | Killed Prince Ribbit
  7481 | D:7      | Reached skill level 7 in Transmutations
  8752 | D:8      | Found a staircase to the Lair.
  8874 | D:8      | Noticed a centaur warrior
  8874 | D:8      | Found the Hermit's Pendant {Faith Invo=14 Evo=0 MP+5}
  8887 | D:8      | HP: 1/74 [centaur warrior (14)]
  8888 | D:8      | Shot with an arrow by a centaur warrior

Illustrated notes

Levels and vault maps discovered:
D:1:      scummos_arrival_checkerplants, layout_loops_ring
D:2:      layout_loops_ring, serial_shops, shop, dk_vineyard_2,
          kennysheep_generic_room_15, uniq_terence, uniq_natasha
D:3:      layout_loops_ring, amcnicky_altar_gilded, minmay_starry_boxes
D:4:      layout_rooms, uniq_grinder
D:5:      layout_basic, lemuel_mausoleum_altar_kikubaaqudgha,
          nzn_wu_jian_contemplation, general_overflow_altar,
          minmay_temple_entry_statues_fountains
D:6:      layout_rooms, vehumet_statue, minmay_divided_ellipse, uniq_pikel
D:7:      layout_loops_ring, nicolae_overflow_crystal_walls, uniq_prince_ribbit1
D:8:      layout_loops_corners, mainiacjoe_overflow_alcove_1,
          kennysheep_mini_moat, lair_entry_dummy,
          hellmonk_guarded_unrand_hermit, uniq_grum

Skill      XL: |  1  2  3  4  5  6  7  8  9 |
---------------+----------------------------+-----
Fighting       | 1 2 3 4 5 |  5.5
Transmutations | 2 3 4 6 7 |  7.3
Unarmed Combat | 3 4 5 6 |  6.1
Poison Magic   | 1 2 3 4 |  4.8
Dodging        | 2 4 |  4.7
Ice Magic      | 2 |  2.3
Spellcasting   | 2 3 4 |  4.0

Action                   |  1- 3 |  4- 6 |  7- 9 || total
-------------------------+-------+-------+-------++-------
Melee: Unarmed           |    17 |   187 |   405 ||   609
       Dagger            |    97 |       |       ||    97
       Kick              |     2 |    21 |    11 ||    34
       Punch             |     3 |     5 |     2 ||    10
       Headbutt          |       |    11 |     8 ||    19
 Cast: Beastly Appendage |     3 |    15 |     4 ||    22
       Spider Form       |       |     7 |    32 ||    39
       Ice Form          |       |       |     1 ||     1
       Wereblood         |       |       |     1 ||     1
  Use: Potion            |     1 |     3 |     5 ||     9
       Scroll            |       |     2 |       ||     2
 Stab: Sleeping          |     2 |     2 |     2 ||     6
Armor: Robe              |    14 |    18 |    12 ||    44
       Skin              |     4 |     2 |    13 ||    19
Dodge: Dodged            |    63 |   108 |   342 ||   513

Table legend: (Time is in decaauts)
 A = Elapsed time spent in this place.
 B = Non-inter-level travel time spent in this place.
 C = Inter-level travel time spent in this place.
 D = Time resting spent in this place.
 E = Time spent auto-exploring this place.
 F = Levels seen in this place.
 G = Mean time per level.
                   A        B        C        D        E       F      G
               +--------+--------+--------+--------+--------+-----+--------+
         Total |   8856 |   8581 |    275 |   1709 |   5388 |   8 | 1107.0 |
       Dungeon |   8856 |   8581 |    275 |   1709 |   5388 |   8 | 1107.0 |
               +--------+--------+--------+--------+--------+-----+--------+

Top non-repeatable levels by time:
     D:5: 2126 daAuts
     D:2: 1355 daAuts
     D:8: 1333 daAuts
     D:7: 1126 daAuts
     D:1: 969 daAuts
     D:4: 929 daAuts
     D:3: 781 daAuts
     D:6: 233 daAuts
